AoeStats
← [NICE_ASS] BigMasi

MegaRandom

506929740Analyzed
1v1 RM · 17d ago on Sep 15, 2026· 39m 13s· 2 players
Game mode
Random Map
Map size
Tiny (2 player)
Population
200
Speed
Normal
Resources
Standard
Victory
Conquest
Starting age
Dark Age
Ending age
Imperial Age
RankedLock teamsTeams togetherTeam positionsShared explorationLock speedFull tech treeHidden civsTurbo modeCheats
Victory
Defeat
🇺🇸 Huns · United States
1227
+16
🇨🇭 Tupi · Switzerland
1227
-16
Brown Kimchi
2:13 Loom
9:44 Feudal Age
13:33 Castle Age
13:19 Fletching
14:10 Bodkin Arrow
14:01 Town Watch
16:17 Double-Bit Axe
29:31 Wheelbarrow
29:47 Gold Mining
30:30 Scale Barding Armor
35:15 Imperial Age
33:22 Chain Barding Armor
35:36 Ballistics
35:28 Masonry
35:38 Bow Saw
37:15 Plate Barding Armor
36:51 Forging
36:39 Horse Collar
38:34 Bracer
39:52 Conscription
[NICE_ASS] BigMasi
2:16 Loom
8:55 Feudal Age
10:03 Double-Bit Axe
14:11 Castle Age
18:04 Fletching
18:52 Bodkin Arrow
20:11 Stone Mining
31:58 Heated Shot
33:22 Bow Saw
33:51 Guard Tower
34:24 Ballistics
37:52 Wheelbarrow
41:14 Imperial Age
Connection lost

Rejoining the realm…

Still unreachable

The connection could not be restored.

Session expired

The server has moved on; the page needs a fresh start.